BSA
ST. LOUIS BROWNS @ JERSEY SHORE D-BAGS
03/12/2029
 
TOP OF THE 1ST
St. Louis Browns batting - Pitching for Jersey Shore D-Bags : RHP Roland Martin
Pitching: RHP Roland Martin
Batting: RHB Javier Martínez 0-0: Ball
1-0: Ball
2-0: Called Strike
2-1: Ball
3-1: Foul Ball, location: 2F
3-2: Base on Balls
Batting: RHB Anthony Rucker 0-0: Ball
1-0: Ball
2-0: Swinging Strike
2-1: Called Strike
Javier Martínez steals 2nd base
2-2: Ball
3-2: DOUBLE (Flyball, 89D)
Javier Martínez scores
Batting: RHB Manuel Alonso 0-0: Foul Ball, location: 2F
0-1: Foul Ball, location: 2F
0-2: Strikes out swinging
Batting: RHB Adrian Prouse 0-0: Ground out 4-3 (Groundball, 34D)
Anthony Rucker to third
Batting: RHB Jeff Jones 0-0: Foul Ball, location: 2F
0-1: Fly out, F9 (Flyball, 9)
Top of the 1st over - 1 run, 1 hit, 0 errors, 1 left on base; St. Louis 1 - Jersey Shore 0
BOTTOM OF THE 1ST
Jersey Shore D-Bags batting - Pitching for St. Louis Browns : LHP Bernardo Miranda
Pitching: LHP Bernardo Miranda
Batting: RHB Ricardo González 0-0: Foul Ball, location: 2F
0-1: Swinging Strike
0-2: Ball
1-2: Ball
2-2: Strikes out swinging
Batting: RHB Pat Fullerton 0-0: Called Strike
0-1: SINGLE (Line Drive, 5)
Batting: RHB Mike Ingram 0-0: Ball
1-0: Ball
2-0: SINGLE (Line Drive, 56D)
Pat Fullerton to second
Batting: RHB Miguel Serna 0-0: Grounds into double play, 4-6-3 (Groundball, 4)
Bottom of the 1st over - 0 runs, 2 hits, 0 errors, 1 left on base; St. Louis 1 - Jersey Shore 0
TOP OF THE 2ND
St. Louis Browns batting - Pitching for Jersey Shore D-Bags : RHP Roland Martin
Batting: RHB Domingo Romero 0-0: Called Strike
0-1: Ball
1-1: Swinging Strike
1-2: Ball
2-2: Foul Ball, location: 2F
2-2: Ground out 4-3 (Groundball, 34)
Batting: LHB Junior Coates 0-0: Ball
1-0: Ball
2-0: Ball
3-0: Called Strike
3-1: Foul Ball, location: 2F
3-2: Foul Ball, location: 2F
3-2: Strikes out swinging
Batting: LHB Dave Watson 0-0: Swinging Strike
0-1: Called Strike
0-2: Ball
1-2: Foul Ball, location: 2F
1-2: Ball
2-2: Strikes out swinging
Top of the 2nd over - 0 runs, 0 hits, 0 errors, 0 left on base; St. Louis 1 - Jersey Shore 0
BOTTOM OF THE 2ND
Jersey Shore D-Bags batting - Pitching for St. Louis Browns : LHP Bernardo Miranda
Batting: RHB Jason Erickson 0-0: Swinging Strike
0-1: Ball
1-1: Ground out 6-3 (Groundball, 6D)
Batting: LHB Marcos Villarreal 0-0: Called Strike
0-1: Ball
1-1: Ground out 6-3 (Groundball, 56)
Batting: RHB Lowie van den Bogaert 0-0: Foul Ball, location: 2F
0-1: Foul Ball, location: 2F
0-2: Ball
1-2: Foul Ball, location: 2F
1-2: Foul Ball, location: 2F
1-2: SINGLE (Groundball, 6MD)
Batting: RHB Tetsunori Ito 0-0: Called Strike
0-1: Foul Ball, location: 2F
0-2: Ball
1-2: Ball
2-2: Ball
3-2: Foul Ball, location: 2F
3-2: Strikes out swinging
Bottom of the 2nd over - 0 runs, 1 hit, 0 errors, 1 left on base; St. Louis 1 - Jersey Shore 0
TOP OF THE 3RD
St. Louis Browns batting - Pitching for Jersey Shore D-Bags : RHP Roland Martin
Batting: RHB Vicente Valentín 0-0: Ball
1-0: DOUBLE (Line Drive, 9LD)
Batting: RHB Javier Martínez 0-0: Foul Ball, location: 2F
0-1: Swinging Strike
0-2: Ball
1-2: Ground out 1-3 (Groundball, 13S)
Vicente Valentín to third
Batting: RHB Anthony Rucker 0-0: Ground out 6-3 (Groundball, 6)
Vicente Valentín scores
Batting: RHB Manuel Alonso 0-0: Swinging Strike
0-1: Hit by Pitch
Batting: RHB Adrian Prouse 0-0: Called Strike
Manuel Alonso steals 2nd base
0-1: Ball
1-1: Ball
2-1: TRIPLE (Flyball, 78XD)
Manuel Alonso scores
Batting: RHB Jeff Jones 0-0: Called Strike
0-1: Ball
1-1: Ball
2-1: Ball
3-1: Foul Ball, location: 2F
3-2: DOUBLE (Line Drive, 78D)
Adrian Prouse scores
Batting: RHB Domingo Romero 0-0: Swinging Strike
Passed Ball!
Jeff Jones to third
0-1: Swinging Strike
0-2: Ball
1-2: Ball
2-2: Foul Ball, location: 2F
2-2: Strikes out swinging
Top of the 3rd over - 3 runs, 3 hits, 0 errors, 1 left on base; St. Louis 4 - Jersey Shore 0
BOTTOM OF THE 3RD
Jersey Shore D-Bags batting - Pitching for St. Louis Browns : LHP Bernardo Miranda
Batting: RHB Greg Lee 0-0: Ball
1-0: Ball
2-0: Called Strike
2-1: Foul Ball, location: 2F
2-2: DOUBLE (Flyball, 9D)
Batting: RHB Ricardo González 0-0: Called Strike
0-1: Foul Ball, location: 2F
0-2: Ball
1-2: Ground out U3 (Groundball, 34S)
Greg Lee to third
Batting: RHB Pat Fullerton 0-0: Called Strike
0-1: Ball
1-1: Ball
2-1: Called Strike
2-2: Ground out 3-1 (Groundball, 34)
Greg Lee scores
Batting: RHB Mike Ingram 0-0: Ball
1-0: Foul Ball, location: 2F
1-1: Fly out, F8 (Flyball, 8LS)
Bottom of the 3rd over - 1 run, 1 hit, 0 errors, 0 left on base; St. Louis 4 - Jersey Shore 1
TOP OF THE 4TH
St. Louis Browns batting - Pitching for Jersey Shore D-Bags : RHP Roland Martin
Batting: LHB Junior Coates 0-0: Ground out 3-1 (Groundball, 34)
Batting: LHB Dave Watson 0-0: Ground out 4-3 (Groundball, 4)
Batting: RHB Vicente Valentín 0-0: SINGLE (Line Drive, 9S)
Batting: RHB Javier Martínez 0-0: Ball
1-0: Called Strike
1-1: Called Strike
1-2: Strikes out swinging
Top of the 4th over - 0 runs, 1 hit, 0 errors, 1 left on base; St. Louis 4 - Jersey Shore 1
BOTTOM OF THE 4TH
Jersey Shore D-Bags batting - Pitching for St. Louis Browns : LHP Bernardo Miranda
Batting: RHB Miguel Serna 0-0: Ground out 6-3 (Groundball, 6)
Batting: RHB Jason Erickson 0-0: Ball
1-0: Ball
2-0: Ball
3-0: Called Strike
3-1: Ground out 6-3 (Groundball, 6)
Batting: LHB Marcos Villarreal 0-0: Fly out, F6 (Popup, 6)
Bottom of the 4th over - 0 runs, 0 hits, 0 errors, 0 left on base; St. Louis 4 - Jersey Shore 1
TOP OF THE 5TH
St. Louis Browns batting - Pitching for Jersey Shore D-Bags : RHP Roland Martin
Pitching: RHP John Charles
Batting: RHB Anthony Rucker 0-0: Swinging Strike
0-1: Foul Ball, location: 2F
0-2: Ball
1-2: Fly out, F8 (Line Drive, 8RXD)
Batting: RHB Manuel Alonso 0-0: Ball
1-0: Ground out 6-3 (Groundball, 6)
Batting: RHB Adrian Prouse 0-0: Foul Ball, location: 2F
0-1: Ball
1-1: Foul Ball, location: 2F
1-2: Ball
2-2: Strikes out swinging
Top of the 5th over - 0 runs, 0 hits, 0 errors, 0 left on base; St. Louis 4 - Jersey Shore 1
BOTTOM OF THE 5TH
Jersey Shore D-Bags batting - Pitching for St. Louis Browns : LHP Bernardo Miranda
Pitching: RHP Alex Stanford
Batting: RHB Lowie van den Bogaert 0-0: Ball
1-0: Ball
2-0: Called Strike
2-1: Foul Ball, location: 2F
2-2: Ball
3-2: Ground out 5-3 (Groundball, 56S)
Batting: RHB Tetsunori Ito 0-0: Ground out 5-3 (Groundball, 56)
Batting: RHB Greg Lee 0-0: SINGLE (Groundball, 34D)
Batting: RHB Ricardo González 0-0: Called Strike
0-1: Fly out, F7 (Flyball, 7LS)
Bottom of the 5th over - 0 runs, 1 hit, 0 errors, 1 left on base; St. Louis 4 - Jersey Shore 1
TOP OF THE 6TH
St. Louis Browns batting - Pitching for Jersey Shore D-Bags : RHP John Charles
Batting: RHB Jeff Jones 0-0: Called Strike
0-1: Ball
1-1: Called Strike
1-2: Foul Ball, location: 2F
1-2: Strikes out looking
Batting: RHB Domingo Romero 0-0: Ground out 1-3 (Groundball, 13S)
Batting: LHB Junior Coates 0-0: Ball
1-0: Ball
2-0: Called Strike
2-1: Swinging Strike
2-2: Fly out, F8 (Flyball, 78D)
Top of the 6th over - 0 runs, 0 hits, 0 errors, 0 left on base; St. Louis 4 - Jersey Shore 1
BOTTOM OF THE 6TH
Jersey Shore D-Bags batting - Pitching for St. Louis Browns : RHP Alex Stanford
Batting: RHB Pat Fullerton 0-0: Called Strike
0-1: SINGLE (Groundball, 6MD)
Batting: RHB Mike Ingram 0-0: Ball
1-0: Swinging Strike
1-1: Ground out 4-3 (Groundball, 34)
Pat Fullerton to second
Batting: RHB Miguel Serna 0-0: Ball
1-0: Ball
2-0: Called Strike
2-1: Ball
3-1: Reached on error, E6 (Groundball, 6)
Pat Fullerton to third
Batting: RHB Jason Erickson 0-0: Ball
1-0: Swinging Strike
1-1: Called Strike
1-2: Strikes out swinging
Batting: LHB Marcos Villarreal 0-0: Ball
1-0: SINGLE (Groundball, 13) (infield hit)
Pat Fullerton scores
Miguel Serna to second
Batting: RHB Lowie van den Bogaert 0-0: Called Strike
0-1: Ball
1-1: Foul Ball, location: 2F
1-2: Foul Ball, location: 2F
1-2: Foul Ball, location: 2F
1-2: Strikes out swinging, 2-3 out at first.
Bottom of the 6th over - 1 run, 2 hits, 1 error, 2 left on base; St. Louis 4 - Jersey Shore 2
TOP OF THE 7TH
St. Louis Browns batting - Pitching for Jersey Shore D-Bags : RHP John Charles
Pitching: LHP Ramón Ruíz
Batting: LHB Dave Watson 0-0: Ball
1-0: Ball
2-0: Called Strike
2-1: Swinging Strike
2-2: Ball
3-2: Strikes out swinging
Pitching: RHP John Hall
Batting: RHB Vicente Valentín 0-0: Fly out, F9 (Flyball, 89D)
Pinch Hitting: LHB Bill Murphy 0-0: Ground out 4-3 (Groundball, 4D)
Top of the 7th over - 0 runs, 0 hits, 0 errors, 0 left on base; St. Louis 4 - Jersey Shore 2
BOTTOM OF THE 7TH
Jersey Shore D-Bags batting - Pitching for St. Louis Browns : RHP Alex Stanford
Now at 2B: Bill Murphy
Batting: RHB Tetsunori Ito 0-0: Called Strike
0-1: Ball
1-1: Ball
2-1: Ball
3-1: Foul Ball, location: 2F
3-2: Strikes out swinging
Batting: RHB Greg Lee 0-0: Called Strike
0-1: Ball
1-1: Ball
2-1: SINGLE (Groundball, 6MD)
Batting: RHB Ricardo González 0-0: Called Strike
0-1: Grounds into double play, 3-6-3 (Groundball, 3)
Bottom of the 7th over - 0 runs, 1 hit, 0 errors, 0 left on base; St. Louis 4 - Jersey Shore 2
TOP OF THE 8TH
St. Louis Browns batting - Pitching for Jersey Shore D-Bags : RHP John Hall
Pinch Hitting: SHB David Johnstone 0-0: DOUBLE (Flyball, 78D)
Pinch Hitting: LHB Marvin Morris 0-0: Ball
1-0: Ball
2-0: Fly out, F9 (Flyball, 9)
Pinch Hitting: RHB Danny Walker 0-0: Swinging Strike
0-1: Ball
1-1: Ball
2-1: Swinging Strike
2-2: Strikes out swinging
Batting: RHB Jeff Jones 0-0: Ball
1-0: Ball
2-0: Called Strike
2-1: Foul Ball, location: 2F
2-2: Strikes out swinging
Top of the 8th over - 0 runs, 1 hit, 0 errors, 1 left on base; St. Louis 4 - Jersey Shore 2
BOTTOM OF THE 8TH
Jersey Shore D-Bags batting - Pitching for St. Louis Browns : RHP Alex Stanford
Pitching: LHP Nick Clayton
Now at 2B: Danny Walker
Now in LF: David Johnstone
Now in RF: Marvin Morris
Pinch Hitting: LHB Dave Dodd 0-0: Ball
1-0: Ball
2-0: Ball
3-0: Base on Balls
Pinch Hitting: LHB Albert Morgan 0-0: Called Strike
0-1: Ball
1-1: Ball
2-1: Ball
3-1: DOUBLE (Line Drive, 89D)
Dave Dodd to third
Batting: RHB Miguel Serna 0-0: Ball
1-0: SINGLE (Flyball, 7S)
Dave Dodd scores
Albert Morgan to third
Runner from 3rd tries for Home, SAFE, throw made home
Miguel Serna to second
Now in LF: Remi Eruzione
Batting: RHB Jason Erickson 0-0: Called Strike
0-1: Foul Ball, location: 2F
0-2: Ball
1-2: Ground out 6-3 (Groundball, 6M)
Miguel Serna to third
Batting: RHB Ben Morton 0-0: Intentional Walk
Pinch Hitting: LHB António Cedeño 0-0: Foul Ball, location: 2F
0-1: Called Strike
0-2: Foul Ball, location: 2F
0-2: Foul Ball, location: 2F
0-2: Foul Ball, location: 2F
0-2: Ball
1-2: Ball
2-2: Ball
3-2: Base on Balls
Ben Morton to second
Batting: RHB Tetsunori Ito 0-0: Grounds into fielders choice 5-2 (Groundball, 56S)
Ben Morton to third
António Cedeño to second
Batting: RHB Greg Lee 0-0: Ball
1-0: Called Strike
1-1: Ball
2-1: Ball
3-1: Foul Ball, location: 2F
3-2: Base on Balls
Ben Morton scores
António Cedeño to third
Tetsunori Ito to second
Pitching: RHP Martín Ortíz
Batting: RHB Ricardo González 0-0: Foul Ball, location: 2F
0-1: Ball
1-1: SINGLE (Groundball, 34D)
António Cedeño scores
Tetsunori Ito to third
Greg Lee to second
Runner from 3rd tries for Home, SAFE, no throw
Pitching: LHP Daniel Gregory
Batting: LHB Dave Dodd 0-0: Called Strike
0-1: Foul Ball, location: 2F
0-2: Ball
1-2: Ball
2-2: Fly out, F6 (Popup, 6D)
Bottom of the 8th over - 5 runs, 3 hits, 0 errors, 2 left on base; St. Louis 4 - Jersey Shore 7
TOP OF THE 9TH
St. Louis Browns batting - Pitching for Jersey Shore D-Bags : RHP John Hall
Pitching: LHP Gerald Johnson
Now in LF: Dave Dodd
Now in CF: Juan Hernández
Now in RF: Albert Morgan
Pinch Hitting: RHB António Venecia 0-0: Ball
1-0: Called Strike
1-1: Fly out, F5 (Popup, 5SF)
Batting: LHB Junior Coates 0-0: Called Strike
0-1: Ball
1-1: Called Strike
1-2: Ball
2-2: Foul Ball, location: 2F
2-2: Ball
3-2: Base on Balls
Batting: LHB Dave Watson 0-0: Ball
1-0: Ball
2-0: Ball
3-0: Called Strike
3-1: Called Strike
3-2: Foul Ball, location: 2F
3-2: Base on Balls
Junior Coates to second
Batting: RHB Octávio Marín 0-0: Foul Ball, location: 2F
0-1: Ball
1-1: Called Strike
1-2: Foul Ball, location: 2F
1-2: Ball
2-2: Foul Ball, location: 2F
2-2: Ball
3-2: Strikes out looking
Batting: LHB Bill Murphy 0-0: SINGLE (Groundball, 56) (infield hit)
Junior Coates to third
Dave Watson to second
Batting: RHB Remi Eruzione 0-0: Called Strike
0-1: Ball
1-1: Foul Ball, location: 2F
1-2: Ball
2-2: Ball
3-2: SINGLE (Flyball, 89S)
Junior Coates scores
Dave Watson to third
Bill Murphy to second
Dave Watson scores
Bill Murphy to third
Batting: LHB Marvin Morris 0-0: Ball
1-0: Swinging Strike
1-1: Foul Ball, location: 2F
1-2: Strikes out swinging
Top of the 9th over - 2 runs, 2 hits, 0 errors, 2 left on base; St. Louis 6 - Jersey Shore 7
Saturday, December 16th, 2017 - OOTP Baseball 18.8 Build 76